AoeStats
← T115937

Pilgrims

507047509Analyzed
2v2 RM · 16d ago on Sep 16, 2026· 57m 16s· 4 players
Game mode
Random Map
Map size
Medium (4 player)
Population
200
Speed
Normal
Resources
Standard
Victory
Conquest
Starting age
Dark Age
Ending age
Imperial Age
RankedLock teamsTeams togetherTeam positionsShared explorationLock speedFull tech treeHidden civsTurbo modeCheats
Victory
Defeat
🇹🇷 Byzantines · Türkiye
661
+13
🇳🇱 Koreans · Netherlands
596
+16
🇨🇱 Britons · Chile
610
-15
🇦🇷 Romans · Argentina
581
-14
JesseThebeast67
11:07 Feudal Age
12:41 Wheelbarrow
11:48 Horse Collar
11:58 Double-Bit Axe
15:23 Loom
18:37 Stone Mining
20:19 Fishing Lines
20:41 Gold Mining
21:01 Man-at-Arms
25:19 Castle Age
27:18 Stone Shaft Mining
27:20 Gold Shaft Mining
27:45 Gold Shaft Mining
26:50 Long Swordsman
29:32 Squires
29:18 Arson
30:10 Hand Cart
29:52 Gillnets
32:50 Eupseong
40:57 Imperial Age
42:52 Caravan
42:51 Treadmill Crane
44:36 Conscription
44:42 Elite War Wagon
45:14 Pikeman
45:41 Gambesons
45:17 Two-Handed Swordsman
46:21 Forging
46:17 Scale Barding Armor
46:13 Scale Mail Armor
46:03 Fletching
46:17 Halberdier
46:28 Capped Ram
49:05 Shinkichon
50:33 Chemistry
49:19 Arrowslits
50:01 Ballistics
51:39 Champion
54:38 Iron Casting
54:18 Chain Mail Armor
54:24 Chain Barding Armor
54:00 Bodkin Arrow
56:55 Elite Turtle Ship
Finagle
19:43 Feudal Age
21:40 Horse Collar
22:34 Loom
30:39 Castle Age
31:59 Scale Barding Armor
35:34 Fletching
35:44 Padded Archer Armor
40:20 Elite Skirmisher
41:20 Leather Archer Armor
41:01 Bodkin Arrow
45:10 Wheelbarrow
48:53 Imperial Age
56:59 Chain Barding Armor
56:03 Cavalier
56:44 Husbandry
T115937
18:51 Feudal Age
20:27 Man-at-Arms
23:42 Arson
24:44 Wheelbarrow
26:24 Castle Age
24:40 Horse Collar
26:41 Wheelbarrow
25:52 Loom
27:07 Fishing Lines
33:29 Imperial Age
33:36 Imperial Age
31:22 Elite Skirmisher
32:30 Squires
32:17 Gambesons
31:54 Long Swordsman
31:56 Pikeman
32:50 Siphons
36:41 Two-Handed Swordsman
42:06 Elite Longbowman
43:36 Champion
45:49 Halberdier
48:20 Cavalier
49:02 Husbandry
48:24 Light Cavalry
P4VO 5656
16:26 Feudal Age
25:37 Man-at-Arms
33:37 Scale Mail Armor
35:49 Castle Age
41:01 Chain Mail Armor
40:37 Long Swordsman
41:23 Squires
Connection lost

Rejoining the realm…

Still unreachable

The connection could not be restored.

Session expired

The server has moved on; the page needs a fresh start.